 Dungeon Crawl Stone Soup version 0.23.2 (webtiles) character file.

Game seed: 17000749732591414504

92382 Morbidden the Severer (level 16, -2/131 HPs)
             Began as a Formicid Fighter on Apr 7, 2019.
             Was the Champion of Okawaru.
             Slain by an angel
             ... wielding a +2 whip of holy wrath
              (5 damage)
             ... on level 2 of the Abyss.
             The game lasted 00:52:43 (19835 turns).

Morbidden the Severer (Formicid Fighter)           Turns: 19835, Time: 00:52:44

Health: -2/131     AC: 22    Str: 27    XL:     16   Next: 53%
Magic:  0/22       EV: 15    Int: 13    God:    Okawaru [******]
Gold:   1525       SH: 14    Dex: 10    Spells: 15/15 levels left

rFire    + . .     SeeInvis +   a - +4 executioner's axe (freeze)
rCold    . . .     Gourm    .   I - +0 shield {AC+3}
rNeg     . . .     Faith    .   d - +3 chain mail {rF+}
rPois    .         Spirit   +   (helmet unavailable)
rElec    .         Reflect  .   e - scarf {Spirit}
rCorr    .         Harm     .   n - +0 pair of gloves
MR       +....                  O - +0 pair of boots
Stlth    ..........             L - amulet of regeneration
HPRegen  0.71/turn              m - +3 ring of evasion
MPRegen  0.18/turn              k - +4 ring of intelligence

@: heroism, glowing
A: permanent stasis, dig shafts and tunnels, four strong arms, antennae 3
a: Dig, Shaft Self, Heroism, Finesse, Renounce Religion


You were on level 2 of the Abyss.
You worshipped Okawaru.
Okawaru was exalted by your worship.
You were not hungry.

You visited 2 branches of the dungeon, and saw 20 of its levels.
You visited the Abyss 1 time.
You also visited: Volcano.

You collected 1525 gold pieces.

Inventory:

Hand Weapons
 a - a +4 executioner's axe of freezing (weapon)
 b - the +10 arbalest of Jischij {venom, *Corrode Int+4}
   (Okawaru gifted it to you on level 11 of the Dungeon)

   It poisons the ammo it fires.
   It affects your intelligence (+4).
   It may corrode you when you take damage.
 l - a +4 scimitar of flaming
Missiles
 h - 2 throwing nets (quivered)
 C - 181 bolts
Armour
 d - a +3 chain mail of fire resistance (worn)
 e - a scarf of spirit shield (worn)
 n - a +0 pair of gloves (worn)
 I - a +0 shield of protection (worn)
 J - a scarf of cloud immunity
 O - a +0 pair of boots (worn)
Jewellery
 k - a +4 ring of intelligence (right hand)
 m - a +3 ring of evasion (left hand)
 L - an amulet of regeneration (around neck)
Wands
 f - a wand of random effects (40)
 i - a wand of iceblast (9)
 w - a wand of digging (13)
 D - a wand of paralysis (19)
 F - a wand of flame (18)
 K - a wand of disintegration (18)
 M - a wand of acid (3)
 N - a wand of polymorph (23)
Scrolls
 g - 6 scrolls of identify
 r - 2 scrolls of fear
 t - a scroll of magic mapping
 x - 2 scrolls of immolation
 y - 8 scrolls of remove curse
 E - a scroll of fog
 H - a scroll of noise
 Q - 2 scrolls of amnesia
 R - 3 scrolls of enchant armour
 S - a scroll of silence
Potions
 j - 11 potions of brilliance
 p - a potion of cancellation
 q - a potion of curing
 u - 2 potions of might
 v - a potion of resistance
 z - a potion of invisibility
 A - a potion of agility
 B - 3 potions of flight
 G - 3 potions of mutation
Comestibles
 s - 40 rations


   Skills:
 * Level 13.5(18.5) Fighting
 - Level 1.1(6.1) Long Blades
 * Level 18.0(23.0) Axes
 * Level 10.9(15.9) Crossbows
 + Level 8.6(13.6) Armour
 + Level 3.0(8.0) Dodging
 + Level 3.1(8.1) Stealth
 + Level 9.9(14.9) Shields
 - Level 8.0 Invocations


You had 15 spell levels left.
You didn't know any spells.
Your spell library contained the following spells:

 Spells                   Type           Power        Failure   Level  Hunger
 Magic Dart               Conj           #...         75%         1    ##.....
 Sting                    Conj/Pois      #...         75%         1    ##.....
 Summon Small Mammal      Summ           #...         75%         1    ##.....
 Call Imp                 Summ           #.......     87%         2    ###....
 Poisonous Vapours        Pois/Air       #.....       87%         2    ###....
 Searing Ray              Conj           #.....       87%         2    ###....
 Call Canine Familiar     Summ           #.......     98%         3    ####...
 Dazzling Spray           Conj/Hex       #.....       98%         3    ####...
 Mephitic Cloud           Conj/Pois/Air  #.......     98%         3    ####...
 Summon Guardian Golem    Hex/Summ       #.......     98%         3    ####...
 Teleport Other           Tloc           #.......     98%         3    ####...
 Force Lance              Conj/Tloc      #.......     100%        4    #####..
 Fulminant Prism          Conj/Hex       #.........   100%        4    #####..
 Iskenderun's Mystic Bla  Conj           #.......     100%        4    #####..
 Olgreb's Toxic Radiance  Pois           #.......     100%        4    #####..
 Summon Ice Beast         Ice/Summ       #.......     100%        4    #####..
 Summon Lightning Spire   Summ/Air       #.......     100%        4    #####..
 Venom Bolt               Conj/Pois      #.........   100%        5    ######.
 Dispersal                Tloc           #.........   100%        6    #######


Dungeon Overview and Level Annotations

Branches:
Dungeon (14/15) Temple (0/1) D:5 Lair (6/6) D:8 Swamp (0/4) Lair:2 Spider (0/4) Lair:4 Slime (0/5) Lair:6 Orc (0/2) D:12 Vaults (0/5) D:12 D:13

Altars:
Dithmenos
Gozag
Hepliaklqana
Nemelex Xobeh
Okawaru
Beogh
Jiyva

Shops:
D:6 *

Annotations:
D:4 2 transporters, VeryBadPlayer's ghost, amateur MiFi
D:8 3 runed translucent doors, Forgol's ghost, novice TrMo; Tutankhamun's ghost, novice DrTm
D:10 3 runed translucent doors
D:13 3 runed translucent doors, KamiKatze's ghost, journeyman CeHu; Norn's ghost, journeyman DrTm; Nusathad's ghost, journeyman HOFi


Innate Abilities, Weirdness & Mutations

You cannot be hasted, slowed, berserked, paralysed or teleported.
You can dig through walls and to a lower floor.
Your four strong arms can wield two-handed weapons with a shield.
You have a pair of large antennae on your head. (SInv)


Message History

Unknown command.
Unknown command.
You miss the angel.
The angel is heavily wounded.
You block the angel's attack. The angel hits you but does no damage.
Unknown command.
The angel blocks your attack.
The angel is heavily wounded.
You block the angel's attack. The angel hits you but does no damage.
Unknown command.
The angel blocks your attack.
The angel is heavily wounded.
You block the angel's attack. The angel hits you but does no damage.
You block the angel's attack. The angel hits you but does no damage.
You miss the angel.
The angel is heavily wounded.
The angel hits you with a +2 whip of holy wrath!
* * * LOW HITPOINT WARNING * * *
The angel hits you with a +2 whip of holy wrath.
You die...

# .{ #
### .
##.##.
#.## # .
..≈ . #
#.##.#
##@#{###
##A≈.$#
###### {
{ {


You could see an angel.

Vanquished Creatures
  Rupert (D:12)
  Gastronok (D:10)
  An Executioner (Abyss:2)
  A stone giant (Volcano)
  A dire elephant (Lair:6)
  7 hydras
  Harold (D:7)
  An ice dragon (D:14)
  10 centaur warriors
  3 catoblepae
  A death knight (D:14)
  An ogre mage (D:12)
  7 death yaks
  A merfolk avatar (Lair:6)
  9 two-headed ogres
  A tengu warrior (D:13)
  Nergalle (D:12)
  A large abomination (Abyss:2)
  3 unseen horrors
  A harpy (shapeshifter) (D:13)
  An orange crystal statue (Lair:4)
  A wolf spider zombie (D:13)
  2 orc knights
  2 ugly things (D:13)
  A deep elf mage (D:12)
  2 oklob plants (Lair:3)
  2 cyclopes
  2 manticores (D:14)
  Joseph (D:7)
  10 elephants
  7 black mambas
  2 torpor snails
  2 gargoyles (Volcano)
  A smoke demon (Abyss:2)
  15 spiny frogs
  2 kobold demonologists
  7 rime drakes
  3 efreet
  5 komodo dragons
  A queen bee (shapeshifter) (Abyss:2)
  A jumping spider (shapeshifter) (D:14)
  8 trolls
  8 polar bears
  4 jumping spiders (Lair:4)
  27 blink frogs
  3 hornets
  A wind drake (Lair:6)
  4 dream sheep (Lair:6)
  4 hippogriffs
  A centaur simulacrum (D:14)
  A spriggan (D:7)
  2 vampires
  2 redbacks (Lair:4)
  A wraith (D:14)
  A ynoxinul (Abyss:2)
  3 fire bats (Lair:1)
  A vampire mosquito (D:13)
  22 yaks
  16 humans
  Eustachio (D:6)
  A basilisk (shapeshifter) (D:14)
  6 wyverns
  2 hungry ghosts
  Menkaure (D:5)
  3 soldier ants
  2 swamp worms (Lair:2)
  10 water moccasins
  9 porcupines
  Duvessa (D:5)
  2 acid dragons
  3 sky beasts
  16 orc warriors
  An ice beast (D:13)
  A black bear (D:8)
  12 ogres
  3 phantoms
  An eye of draining (D:13)
  8 centaurs
  15 crocodiles
  7 big kobolds
  Blork the orc (D:4)
  A small abomination (Abyss:2)
  11 bullfrogs
  3 gnoll sergeants
  An earth elemental (Volcano)
  A wyvern skeleton (D:14)
  2 scorpions
  Dowan (D:5)
  5 killer bees (D:8)
  An electric eel (D:14)
  4 wights (D:14)
  2 howler monkeys
  7 crimson imps
  A quasit (D:9)
  2 lava snakes (Lair:4)
  3 centaur zombies
  10 orc priests
  A bullfrog zombie (D:9)
  5 hounds
  6 jellies
  A gnoll shaman (D:4)
  3 bullfrog skeletons
  14 orc wizards
  4 centaur skeletons
  Ijyb (D:4)
  5 iguanas
  15 worker ants
  A hound zombie (D:9)
  A howler monkey zombie (D:11)
  A worker ant zombie (D:8)
  10 adders
  20 gnolls
  2 shadow imps
  An ooze (D:2)
  2 worms
  3 dart slugs (D:1)
  5 leopard geckos
  81 orcs
  9 bats
  5 giant cockroaches
  4 goblins
  3 hobgoblins
  2 jackals (D:1)
  13 kobolds
  2 quokkas
  A ball python (D:2)
  6 frilled lizards
  3 quokka skeletons
  2 quokka zombies (D:8)
  3 rats
  11 fungi
  3 plants
642 creatures vanquished.

Vanquished Creatures (others)
  A centaur (D:14)
  14 fungi (Lair:6)
  26 plants
  2 withered plants (D:13)
43 creatures vanquished.

Grand Total: 685 creatures vanquished

Notes
Turn   | Place    | Note
-------+----------+-------------------------------------------
     0 | D:1      | Morbidden the Formicid Fighter began the quest for the Orb.
     0 | D:1      | Reached XP level 1. HP: 18/18 MP: 1/1
   290 | D:1      | Reached XP level 2. HP: 23/25 MP: 2/2
   811 | D:1      | Reached XP level 3. HP: 25/30 MP: 3/3
  1187 | D:2      | Reached XP level 4. HP: 27/37 MP: 2/4
  1406 | D:2      | Reached skill level 3 in Axes
  1866 | D:3      | Reached XP level 5. HP: 39/43 MP: 3/5
  2035 | D:3      | Found a hazy altar of Hepliaklqana.
  2047 | D:3      | Found a hazy altar of Hepliaklqana.
  2047 | D:3      | Found a sparkling altar of Nemelex Xobeh.
  2122 | D:3      | Found an iron altar of Okawaru.
  2130 | D:3      | Became a worshipper of Warmaster Okawaru
  2202 | D:3      | Reached skill level 4 in Axes
  2241 | D:3      | Reached XP level 6. HP: 35/49 MP: 4/6
  2483 | D:4      | Noticed Blork the orc
  2493 | D:4      | Killed Blork the orc
  2493 | D:4      | Reached skill level 1 in Invocations
  2806 | D:4      | Found a transporter.
  2806 | D:4      | Noticed VeryBadPlayer's ghost (amateur MiFi)
  2858 | D:4      | Noticed Ijyb
  2875 | D:4      | Reached skill level 5 in Axes
  2877 | D:4      | Killed Ijyb
  2989 | D:4      | Reached * piety under Okawaru
  2989 | D:4      | Reached XP level 7. HP: 54/55 MP: 5/7
  3243 | D:4      | Found a transporter.
  3878 | D:4      | Found an opulent altar of Gozag.
  3961 | D:5      | Entered Level 5 of the Dungeon
  4064 | D:5      | Found a staircase to the Ecumenical Temple.
  4080 | D:5      | Reached skill level 5 in Fighting
  4110 | D:5      | Noticed Menkaure
  4125 | D:5      | Killed Menkaure
  4125 | D:5      | Reached skill level 6 in Axes
  4423 | D:5      | Noticed Dowan
  4427 | D:5      | Noticed Duvessa
  4436 | D:5      | Reached XP level 8. HP: 62/62 MP: 6/9
  4448 | D:5      | Killed Dowan
  4453 | D:5      | Killed Duvessa
  4754 | D:5      | Reached ** piety under Okawaru
  4754 | D:5      | Reached skill level 7 in Axes
  4754 | D:5      | Reached skill level 1 in Dodging
  4924 | D:6      | Reached skill level 5 in Shields
  5025 | D:6      | Noticed Eustachio
  5040 | D:6      | Killed Eustachio
  5168 | D:6      | Reached XP level 9. HP: 69/69 MP: 11/11
  5274 | D:6      | Found Cihum's Assorted Antiques.
  5351 | D:6      | Reached skill level 8 in Axes
  5655 | D:7      | Noticed Joseph
  5678 | D:7      | Killed Joseph
  5952 | D:7      | Reached skill level 9 in Axes
  6013 | D:7      | Noticed Harold
  6039 | D:7      | Killed Harold
  6039 | D:7      | Reached *** piety under Okawaru
  6039 | D:7      | Reached skill level 1 in Crossbows
  6039 | D:7      | Reached XP level 10. HP: 34/77 MP: 3/13
  6330 | D:7      | Reached skill level 10 in Axes
  6748 | D:8      | Found a runed translucent gate.
  6748 | D:8      | Found a runed translucent gate.
  6748 | D:8      | Found a runed translucent gate.
  6748 | D:8      | Noticed Tutankhamun's ghost (novice DrTm)
  6800 | D:8      | Noticed Forgol's ghost (novice TrMo)
  6801 | D:8      | Reached skill level 5 in Invocations
  6809 | D:8      | Reached skill level 5 in Armour
  7072 | D:8      | Found a staircase to the Lair.
  7073 | D:8      | Noticed a komodo dragon
  7119 | D:8      | Killed a komodo dragon
  7119 | D:8      | Reached **** piety under Okawaru
  7446 | D:9      | Noticed a two-headed ogre
  7455 | D:9      | Killed a two-headed ogre
  7686 | D:9      | Noticed a two-headed ogre
  7694 | D:9      | Killed a two-headed ogre
  7694 | D:9      | Reached ***** piety under Okawaru
  7694 | D:9      | Reached skill level 11 in Axes
  7694 | D:9      | Reached XP level 11. HP: 48/84 MP: 8/15
  7704 | D:9      | Reached skill level 5 in Crossbows
  8398 | D:10     | Entered Level 10 of the Dungeon
  9074 | D:10     | Found a runed translucent gate.
  9075 | D:10     | Found a runed translucent gate.
  9076 | D:10     | Found a runed translucent gate.
  9080 | D:10     | Noticed Gastronok
  9131 | D:10     | Killed Gastronok
  9131 | D:10     | Reached skill level 12 in Axes
  9207 | D:10     | Noticed a white ugly thing
  9207 | D:10     | Noticed a brown ugly thing
  9208 | D:10     | Noticed a red ugly thing
  9209 | D:10     | Noticed a purple ugly thing
  9209 | D:10     | Noticed a cyan ugly thing
  9619 | D:11     | Noticed a centaur warrior
  9632 | D:11     | Killed a centaur warrior
  9632 | D:11     | Received a gift from Okawaru
  9635 | D:11     | Got a brightly glowing arbalest {god gift}
  9637 | D:11     | Identified the +10 arbalest of Jischij {venom, *Corrode
                  | Int+4} (Okawaru gifted it to you on level 11 of the
                  | Dungeon)
  9992 | D:11     | Reached XP level 12. HP: 93/94 MP: 17/17
 10398 | D:12     | Reached skill level 1 in Stealth
 10487 | D:12     | Found a staircase to the Orcish Mines.
 10530 | D:12     | Reached skill level 13 in Axes
 10579 | D:12     | Noticed a two-headed ogre
 10580 | D:12     | Noticed an ogre mage
 10582 | D:12     | Noticed a two-headed ogre
 10586 | D:12     | Killed a two-headed ogre
 10589 | D:12     | Noticed a two-headed ogre
 10600 | D:12     | Killed an ogre mage
 10609 | D:12     | Killed a two-headed ogre
 10609 | D:12     | Received a gift from Okawaru
 10626 | D:12     | Killed a two-headed ogre
 10706 | D:12     | Noticed Rupert
 10733 | D:12     | Killed Rupert
 10739 | D:12     | Reached skill level 14 in Axes
 10739 | D:12     | Reached XP level 13. HP: 93/102 MP: 9/18
 10775 | D:12     | Noticed an eight-headed hydra
 10795 | D:12     | Killed a three-headed hydra
 10836 | D:12     | Found a roughly hewn altar of Beogh.
 10948 | D:12     | Reached skill level 10 in Fighting
 11031 | D:12     | Noticed Nergalle
 11045 | D:12     | Killed Nergalle
 11407 | Lair:1   | Entered Level 1 of the Lair of Beasts
 11473 | Lair:1   | Found a dark tunnel.
 11487 | Volcano  | Entered a volcano
 11590 | Volcano  | Noticed a stone giant
 11634 | Volcano  | Killed a stone giant
 11634 | Volcano  | Received a gift from Okawaru
 12324 | Lair:1   | Received a gift from Okawaru
 12326 | Lair:1   | Reached skill level 15 in Axes
 12817 | Lair:2   | Found a staircase to the Swamp.
 12817 | Lair:2   | Noticed a seven-headed hydra
 12817 | Lair:2   | Noticed a four-headed hydra
 12829 | Lair:2   | Killed a two-headed hydra
 12829 | Lair:2   | Reached skill level 1 in Long Blades
 12834 | Lair:2   | Killed a one-headed hydra
 12885 | Lair:2   | Found a shadowy altar of Dithmenos.
 14060 | Lair:3   | Reached ****** piety under Okawaru
 14064 | Lair:3   | Reached XP level 14. HP: 106/111 MP: 17/20
 14321 | Lair:4   | Received a gift from Okawaru
 14464 | Lair:4   | Received a gift from Okawaru
 14489 | Lair:4   | Received a gift from Okawaru
 14889 | Lair:4   | Received a gift from Okawaru
 15045 | Lair:4   | Found a hole to the Spider Nest.
 16577 | Lair:6   | Entered Level 6 of the Lair of Beasts
 16577 | Lair:6   | Found a staircase to the Slime Pits.
 16577 | Lair:6   | Found a viscous altar of Jiyva.
 16590 | Lair:6   | Reached skill level 16 in Axes
 16753 | Lair:6   | Reached XP level 15. HP: 19/120 MP: 3/21
 16975 | Lair:6   | Reached skill level 10 in Crossbows
 17107 | Lair:6   | Received a gift from Okawaru
 17327 | Lair:6   | Received a gift from Okawaru
 17979 | Lair:6   | Identified Ruopayxy's Almanac of Envenoming and Orientation
 18354 | D:13     | Found a gate to the Vaults.
 18364 | D:13     | Received a gift from Okawaru
 18365 | D:13     | Reached skill level 17 in Axes
 18527 | D:13     | Found a runed translucent gate.
 18527 | D:13     | Found a runed translucent gate.
 18527 | D:13     | Found a runed translucent gate.
 18533 | D:13     | Noticed Nusathad's ghost (journeyman HOFi)
 18533 | D:13     | Noticed Norn's ghost (journeyman DrTm)
 18533 | D:13     | Noticed KamiKatze's ghost (journeyman CeHu)
 18958 | D:13     | Received a gift from Okawaru
 19040 | D:13     | Reached XP level 16. HP: 124/130 MP: 20/22
 19442 | D:14     | Received a gift from Okawaru
 19727 | D:14     | Cast into level 2 of the Abyss (a wizard)
 19749 | Abyss:2  | Noticed an Executioner
 19763 | Abyss:2  | Killed an Executioner
 19763 | Abyss:2  | Reached skill level 18 in Axes
 19835 | Abyss:2  | HP: 3/131 [angel/+2 whip of holy wrath (9)]
 19835 | Abyss:2  | Slain by an angel

Skill      XL: |  1  2  3  4  5  6  7  8  9 10 11 12 13 14 15 16 |
---------------+-------------------------------------------------+-----
Fighting       | 4 5 6 7 8 9 10 11 13 | 13.5
Axes           | 3 4 5 6 7 9 11 12 14 15 16 17 18 | 18.0
Shields        | 4 5 6 7 8 9 |  9.9
Invocations    | 1 3 4 5 6 7 8 |  8.0
Armour         | 4 5 6 7 8 |  8.6
Dodging        | 1 2 3 |  3.0
Crossbows      | 1 4 6 7 9 10 | 10.9
Stealth        | 2 3 |  3.1
Long Blades    | 1 |  1.1

Action                   |  1- 3 |  4- 6 |  7- 9 | 10-12 | 13-15 | 16-18 || total
-------------------------+-------+-------+-------+-------+-------+-------++-------
Melee: War axe           |    47 |   144 |   210 |    35 |       |       ||   436
       Hand axe          |    41 |       |       |       |       |       ||    41
       Battleaxe         |       |       |       |   371 |   129 |       ||   500
       Broad axe         |       |       |       |       |   400 |       ||   400
       Scimitar          |       |       |       |       |    48 |     4 ||    52
       Executioner's axe |       |       |       |       |   161 |   163 ||   324
 Fire: Hand crossbow     |       |       |     4 |   103 |       |       ||   107
       Arbalest          |       |       |       |    39 |   198 |    13 ||   250
Invok: Heroism           |       |       |     3 |    14 |     7 |     4 ||    28
       Finesse           |       |       |       |     4 |     3 |     2 ||     9
Evoke: Wand              |       |       |       |       |     3 |       ||     3
  Use: Potion            |     1 |     1 |     5 |     5 |     6 |     8 ||    26
       Scroll            |     1 |       |       |     9 |    19 |       ||    29
 Stab: Invisible         |       |       |       |    10 |     3 |       ||    13
       Petrified         |       |       |       |       |     3 |       ||     3
       Petrifying        |       |       |       |       |     1 |       ||     1
       Sleeping          |       |       |       |       |       |     1 ||     1
  Eat: Chunk             |     1 |     2 |     6 |    14 |    11 |       ||    34
       Ration            |       |     1 |     1 |     1 |     7 |       ||    10
Armor: Scale mail        |    65 |     9 |       |       |       |       ||    74
       Chain mail        |       |    57 |    72 |   110 |   334 |   111 ||   684
       Skin              |       |       |    37 |       |       |       ||    37
Dodge: Dodged            |    34 |    41 |    51 |   150 |   320 |   114 ||   710
Block: Shield            |    64 |    67 |   118 |   205 |   488 |   158 ||  1100
       Rpst.: Scimitar   |       |       |       |       |     2 |     1 ||     3
